 Dungeon Crawl Stone Soup version 0.27-a0-1158-gaa87e14f67 (webtiles) character file.

Game seed: 12021228811968715601

24 ardl the Caller (level 3, 0/19 HPs)
             Began as a Tengu Summoner on May 16, 2021.
             Succumbed to an adder's poison
             ... on level 2 of the Dungeon.
             The game lasted 00:03:23 (1587 turns).

ardl the Caller (Tengu Summoner)                    Turns: 1587, Time: 00:03:23

Health: 0/19       AC:  2    Str:  8    XL:     3   Next: 2%
Magic:  2/7        EV: 12    Int: 16    God:
Gold:   58         SH:  0    Dex: 14    Spells: 3/6 levels left

rFire    . . .     SeeInvis .   h - +0 dagger (speed)
rCold    . . .     Faith    .   (no shield)
rNeg     . . .     Spirit   .   a - +0 robe
rPois    .         Reflect  .   (helmet restricted)
rElec    .         Harm     .   (no cloak)
rCorr    .         Rampage  .   (no gloves)
Will     .....                  (boots unavailable)
Stlth    ++........             (no amulet)
HPRegen  0.06/turn              (no ring)
MPRegen  0.10/turn              (no ring)

@: lethally poisoned (0 -> -6)
A: beak, talons 3
a: no special abilities


You were on level 2 of the Dungeon.
You visited 1 branch of the dungeon, and saw 2 of its levels.

You collected 58 gold pieces.

Inventory:

Hand Weapons
 h - a +0 dagger of speed (weapon)
Armour
 a - a +0 robe (worn)
Scrolls
 d - a scroll of identify {unknown}
 e - a scroll of noise {unknown}
 f - a scroll of torment {unknown}
Potions
 b - a potion of might {unknown}
 c - a potion of lignification {unknown}
 g - a potion of haste {unknown}


   Skills:
 - Level 2.1 Dodging
 - Level 2.0 Stealth
 - Level 2.0 Spellcasting
 + Level 5.9 Summonings


You had 3 spell levels left.
You knew the following spells:

 Your Spells              Type           Power      Damage    Failure   Level
a - Summon Small Mammal   Summ           80%        N/A       1%          1
b - Call Imp              Summ           20%        N/A       2%          2

Your spell library contained the following spells:

 Spells                   Type           Power      Damage    Failure   Level
 Call Canine Familiar     Summ           20%        N/A       5%          3
 Summon Guardian Golem    Hex/Summ       11%        N/A       19%         3
 Summon Ice Beast         Ice/Summ       11%        N/A       52%         4
 Summon Lightning Spire   Summ/Air       11%        N/A       52%         4


Dungeon Overview and Level Annotations

Branches:
Dungeon (2/15)

Altars:

Shops:
D:1 (


Innate Abilities, Weirdness & Mutations

You have a beak for a mouth.
You have claws for feet.


Message History

You barely miss the adder. You peck the adder.
Your iron imp misses the adder.
You hit the adder. Your peck misses the adder. The adder bites you.
You take 3 damage, and have 14/19 hp.
You hit the adder. You peck the adder, but do no damage.
Your iron imp disappears in a puff of smoke!
The adder bites you.
You are poisoned.
The adder poisons you!
You take 4 damage, and have 10/19 hp.
MASSIVE DAMAGE!!
A beastly little devil appears in a puff of flame.
You feel sick. The adder barely misses you.
You take 1 damage, and have 9/19 hp.
You now have 4/7 mp.
You feel sick. The adder barely misses you.
Your crimson imp blinks!
You take 1 damage, and have 8/19 hp.
A beastly little devil appears in a puff of flame.
You feel sick. The adder closely misses you.
You take 1 damage, and have 7/19 hp.
You now have 2/7 mp.
You swap places.
You feel sick.
The adder closely misses your crimson imp.
Your crimson imp blinks!
You take 1 damage, and have 6/19 hp.
What are your orders? t - Shout!
Orders for allies: a - Attack new target. p - Attack previous target. r - Retreat! s - Stop attacking. g - Guard the area. f - Follow me.
Anything else - Cancel.
Gang up on whom?
Aim: an adder (almost dead, ally target) Attack!
You feel sick. The adder bites you.
* * * LOW HITPOINT WARNING * * *
You are lethally poisoned!
The adder poisons you!
You take 3 damage, and have 3/19 hp.
* * * LOW HITPOINT WARNING * * *
You feel sick.
You take 1 damage, and have 2/19 hp.
You die...

........# #
.......# #.
.......#
#..#.$....###
##.#.........
##.........#
##..#.......#
#.... #@.#
.....##..#
.)....#S.#
#######...#
#^........#
#.#####55.## .
#........## ..
#......#..# ...
#......##.###>...


You could see an adder (ally target) and 2 friendly crimson imps.

Vanquished Creatures
  A dart slug (D:1)
  A goblin (D:1)
  A jackal (D:1)
  3 ball pythons (D:1)
  A frilled lizard (D:1)
  2 kobolds (D:1)
  A rat (D:1)
10 creatures vanquished.

Vanquished Creatures (collateral kills)
  A ball python (D:1)
  4 endoplasms (D:1)
  3 giant cockroaches
  3 hobgoblins (D:1)
  2 jackals (D:1)
  2 goblins (D:1)
  3 kobolds
  A rat (D:1)
19 creatures vanquished.

Grand Total: 29 creatures vanquished

Notes
Turn   | Place    | Note
-------+----------+-------------------------------------------
     0 | D:1      | ardl the Tengu Summoner began the quest for the Orb.
     0 | D:1      | Reached XP level 1. HP: 10/10 MP: 4/4
    84 | D:1      | Reached skill level 5 in Summonings
   127 | D:1      | Found Lohoon's Weapon Boutique.
   510 | D:1      | Reached XP level 2. HP: 15/15 MP: 1/6
   804 | D:1      | Learned a level 2 spell: Call Imp
  1450 | D:2      | Reached XP level 3. HP: 19/19 MP: 2/7
  1587 | D:2      | Succumbed to an adder's poison

Illustrated notes

Levels and vault maps discovered:
D:1:      dpeg_arrival_pits, layout_loops_cross, serial_shops, shop
D:2:      layout_rooms, hellmonk_ecumenical_altar_blasted, corner_web_ring,
          chequers_serial_rivers_room_a, minmay_tetromino_o4

Skill      XL: |  1 |
---------------+----+-----
Summonings     | 5 |  5.9
Dodging        | |  2.1
Stealth        | |  2.0
Spellcasting   | |  2.0

Action                   || total
-------------------------++-------
Melee: Dagger            ||    35
       Kick              ||    11
       Peck              ||     5
 Cast: Summon Small Mamm ||    29
       Call Imp          ||    16
 Stab: Sleeping          ||     1
Armor: Robe              ||     5
Dodge: Dodged            ||    26

Table legend: (Time is in decaauts)
 A = Elapsed time spent in this place.
 B = Non-inter-level travel time spent in this place.
 C = Inter-level travel time spent in this place.
 D = Time resting spent in this place.
 E = Time spent auto-exploring this place.
 F = Levels seen in this place.
 G = Mean time per level.
                   A        B        C        D        E       F      G
               +--------+--------+--------+--------+--------+-----+--------+
         Total |   1579 |   1529 |     50 |    410 |    860 |   2 |  789.5 |
       Dungeon |   1579 |   1529 |     50 |    410 |    860 |   2 |  789.5 |
               +--------+--------+--------+--------+--------+-----+--------+

Top non-repeatable levels by time:
     D:1: 1442 daAuts
     D:2: 136 daAuts
